 Dungeon Crawl Stone Soup version 0.13.1-28-g3517093 (webtiles) character file.

805 latish86 the Covered (level 7, -5/60 HPs)
             Began as a Minotaur Fighter on Feb 28, 2014.
             Shot with an arrow by a centaur (7 damage)
             ... on Level 7 of the Dungeon.
             The game lasted 00:18:48 (4055 turns).

latish86 the Covered (Minotaur Fighter)             Turns: 4055, Time: 00:18:49

HP  -5/60        AC 10     Str 23      XL: 7   Next: 10%
MP   4/4         EV  7     Int  5      God:
Gold 240         SH 20     Dex  9      Spells:  0 memorised,  6 levels left

Res.Fire  : . . .   See Invis. : .   a - +0 hand axe {=f}
Res.Cold  : . . .   Warding    : .   b - +0 scale mail
Life Prot.: . . .   Conserve   : .   c - +0 shield
Res.Poison: .       Res.Corr.  : .   (helmet restricted)
Res.Elec. : .       Clarity    : .   o - +2 cloak
Sust.Abil.: . .     Spirit.Shd : .   (no gloves)
Res.Mut.  : .       Stasis     : .   (no boots)
Res.Rott. : .       Flight     : .   (no amulet)
Saprovore : . . .                    (no ring)
                                     (no ring)

@: slightly resistant to hostile enchantments, extremely unstealthy
A: retaliatory headbutt, horns 2
a: no special abilities


You were on level 7 of the Dungeon.
You were not hungry.

You visited 1 branch of the dungeon, and saw 7 of its levels.

You collected 220 gold pieces.

Inventory:

Hand weapons
 a - a +0,+0 hand axe (weapon) {=f}
 f - a -3,+0 orcish flail
Armour
 b - a +0 scale mail (worn)
 c - a +0 shield (worn)
 o - a +2 cloak (worn)
Magical devices
 u - a wand of heal wounds (4) {unknown}
 F - a wand of teleportation (8) {unknown}
Comestibles
 d - a bread ration
 l - a choko
 w - an apricot
 C - a pear
 D - a meat ration
 H - an apple
Scrolls
 g - a scroll of enchant weapon II
 m - a scroll of noise {unknown}
 p - 3 scrolls of remove curse
 q - a scroll of amnesia
 t - a scroll of enchant armour {unknown}
 y - a scroll of random uselessness {unknown}
 z - a scroll of teleportation {unknown}
Jewellery
 i - an uncursed ring of positive energy
 n - an uncursed amulet of stasis
 G - an uncursed amulet of warding
Potions
 e - a potion of confusion
 h - a potion of curing
 j - a potion of speed {unknown}
 k - 3 potions of heal wounds {unknown}
 r - a potion of restore abilities {unknown}
 s - a potion of brilliance {unknown}
 x - a potion of mutation {unknown}
 A - a potion of degeneration {unknown}
 E - a potion of cure mutation {unknown}
Books
 B - a Necronomicon {highlevel}

   This book is beyond your current level of understanding.

   Spells                             Type                      Level
   Borgnjor's Revivification          Necromancy                   7
   Haunt                              Necromancy/Summoning         7
   Death's Door                       Charms/Necromancy            8
   Necromutation                      Transmutation/Necromancy     8


   Skills:
 * Level 5.3 Fighting
 + Level 3.1 Axes
 + Level 2.1 Maces & Flails
 * Level 5.7 Armour
 + Level 3.2 Dodging
 + Level 5.2 Shields
 * Level 2.2 Evocations


You had 6 spell levels left.
You didn't know any spells.

Dungeon Overview and Level Annotations

Branches:
Dungeon (7/27)             Temple (0/1) D:4
    Orc: D:6-11

Altars:
Ashenzari
Cheibriados
Elyvilon
Nemelex Xobeh
Okawaru
Sif Muna
Trog
Zin


Innate Abilities, Weirdness & Mutations

You reflexively headbutt those who attack you in melee.
You have a pair of horns on your head.


Message History

You closely miss the crimson imp.
The crimson imp is heavily wounded.
The centaur shoots an arrow.
The arrow hits you!
* * * LOW HITPOINT WARNING * * *
You block the crimson imp's attack.
The centaur shoots an arrow.
The arrow hits you!
You hit the crimson imp.
The crimson imp is severely wounded.
The centaur shoots an arrow.
The arrow misses you.
The crimson imp laughs crazily.
The crimson imp hits you.
* * * LOW HITPOINT WARNING * * *
You hit the crimson imp.
The crimson imp is severely wounded.
The crimson imp hits you.
* * * LOW HITPOINT WARNING * * *
The centaur shoots an arrow.
You block the arrow. The crimson imp closely misses you.
The centaur shoots an arrow.
The arrow hits you!
You die...

.....≈...
§..........
≈............
≈..............
................
................
......c5Z........
........(.........
§........@........
.......<.<.......
................
................
...............
.............
...........
......... ...


You could see a centaur, a crimson imp and a yak zombie.

Vanquished Creatures
  An ogre (D:4)
  A crimson imp (D:5)
  An orc priest (D:4)
  2 hounds
  2 iguanas
  A scorpion (D:4)
  2 orc wizards
  3 worker ants
  Jessica (D:2)
  2 adders
  A worm (D:5)
  An adder skeleton (D:4)
  4 giant geckos
  An ooze (D:2)
  16 orcs
  8 bats
  4 goblins
  14 hobgoblins
  3 jackals (D:5)
  A quokka (D:6)
  A ball python (D:2)
  4 giant cockroaches
  7 giant newts
  7 kobolds
  4 rats
92 creatures vanquished.

Notes
Turn   | Place    | Note
--------------------------------------------------------------
     0 | D:1      | latish86, the Minotaur Fighter, began the quest for the Orb.
     0 | D:1      | Reached XP level 1. HP: 19/19 MP: 0/0
   349 | D:1      | Reached XP level 2. HP: 26/26 MP: 0/0
   525 | D:1      | Reached skill level 4 in Fighting
   839 | D:2      | Noticed Jessica
   845 | D:2      | Killed Jessica
   845 | D:2      | Reached XP level 3. HP: 28/33 MP: 1/1
  1048 | D:2      | Found a snail-covered altar of Cheibriados.
  1130 | D:2      | Found a bloodstained altar of Trog.
  1397 | D:3      | Reached XP level 4. HP: 32/40 MP: 1/1
  1453 | D:3      | Found a shattered altar of Ashenzari.
  1702 | D:3      | Reached skill level 1 in Dodging
  2183 | D:4      | Reached XP level 5. HP: 35/46 MP: 1/1
  2420 | D:4      | Reached skill level 1 in Evocations
  2450 | D:4      | Reached skill level 5 in Fighting
  2504 | D:4      | Reached skill level 5 in Armour
  2585 | D:4      | Found a glowing silver altar of Zin.
  2631 | D:4      | Found a sparkling altar of Nemelex Xobeh.
  2636 | D:4      | Found a deep blue altar of Sif Muna.
  2669 | D:4      | Reached XP level 6. HP: 51/53 MP: 3/3
  2723 | D:4      | Noticed an ogre
  2728 | D:4      | Killed an ogre
  2728 | D:4      | Reached skill level 1 in Maces & Flails
  2728 | D:4      | Reached skill level 5 in Shields
  3001 | D:4      | Found a staircase to the Ecumenical Temple.
  3082 | D:5      | Entered Level 5 of the Dungeon
  3484 | D:5      | Reached XP level 7. HP: 60/60 MP: 4/4
  3486 | D:5      | Found an iron altar of Okawaru.
  3608 | D:5      | Found a white marble altar of Elyvilon.
  4053 | D:7      | HP: 2/60 [crimson imp (3)]
  4055 | D:7      | Shot with an arrow by a centaur

Action                   |  1- 3 |  4- 6 |  7- 9 || total
-------------------------+-------+-------+-------++-------
Melee: Hand axe          |    91 |   104 |    56 ||   251
       Flail             |       |    59 |       ||    59
  Use: Scroll            |     3 |     1 |     3 ||     7
       Potion            |       |       |     2 ||     2
